[Event "Titled Tuesday Blitz May 30 Early 2023"]
[White "Moral Garcia, Serafin"]
[Black "Maluco_do_Natal_00"]
[WhiteFideId "2201925"]
[WhiteElo "2274"]
[BlackElo "2029"]
[Result "1-0"]
[Round "01"]
[TimeControl "180+2"]
[Date "2023.05.30"]
[WhiteClock "0:01:11"]
[BlackClock "0:00:00"]

1. Nf3 d5 2. b3 Nf6 3. Bb2 c5 4. e3 Nc6 5. d4 e6 6. Bb5 Bd7 7. O-O Rc8 8. c4 Be7 9. cxd5 exd5 10. dxc5 Bxc5 11. Nc3 Be6 12. Na4 Be7 13. Nd4 Bd7 14. Rc1 O-O 15. Bxc6 bxc6 16. Nc5 Bxc5 17. Rxc5 Ne4 18. Rc1 c5 19. Nf3 Be6 20. Qe2 Qa5 21. Ba1 Rfd8 22. Rfd1 a6 23. Ne5 f6 24. Nd3 Bf7 25. f3 Nd6 26. Nf4 Nb5 27. a4 Nd6 28. Nxd5 Bxd5 29. Rxd5 Nf7 30. Rxd8+ Rxd8 31. Bc3 Qb6 32. Qc4 h6 33. Be1 Rd7 34. Bf2 Rc7 35. e4 Qb4 36. Qxb4 1-0


[Site "https://www.chess.com"]

[Event "Titled Tuesday Blitz May 30 Early 2023"]
[White "Atoufi, Pedram"]
[Black "Horak, Martin"]
[WhiteFideId "12501654"]
[BlackFideId "367095"]
[WhiteElo "2228"]
[BlackElo "2091"]
[Result "1-0"]
[Round "01"]
[TimeControl "180+2"]
[Date "2023.05.30"]
[WhiteClock "0:00:08"]
[BlackClock "0:00:03"]

1. e4 f5 2. Nc3 fxe4 3. Qh5+ g6 4. Qe5 Nf6 5. Nd5 d6 6. Nxf6+ Kf7 7. Qxe4 exf6 8. Bc4+ Kg7 9. d4 Qe7 10. Qe3 Bf5 11. Ne2 Qxe3 12. Bxe3 Bxc2 13. Nf4 Bf5 14. Be6 Nc6 15. Bxf5 gxf5 16. Rc1 Rc8 17. d5 Nd8 18. Bxa7 Be7 19. O-O Kf7 20. Rfe1 c5 21. Re3 b5 22. Bb6 Rb8 23. Ba5 Rb7 24. Bd2 Rd7 25. Rce1 Nb7 26. Rg3 Rg8 27. Rh3 Rg7 28. Ne6 Rg8 29. Rxh7+ Kg6 30. Rh6+ Kf7 31. Re3 Nd8 32. Rh7+ Kg6 33. Reh3 f4 34. Nxf4+ Kf5 35. Rf3 Ke4 36. h3 Re8 37. Re3+ Kd4 38. Bc3+ Kc4 39. b3# 1-0


[Site "https://www.chess.com"]

[Event "Titled Tuesday Blitz May 30 Early 2023"]
[White "Jaskolka, Tomasz"]
[Black "Osiecki, Stanislaw"]
[WhiteFideId "1170791"]
[BlackFideId "1102990"]
[WhiteElo "2155"]
[BlackElo "2088"]
[Result "1-0"]
[Round "01"]
[TimeControl "180+2"]
[Date "2023.05.30"]
[WhiteClock "0:01:15"]
[BlackClock "0:01:07"]

1. d4 Nf6 2. Bf4 d6 3. Nc3 g6 4. e4 Bg7 5. Qd2 O-O 6. O-O-O c6 7. Bh6 Nbd7 8. f3 Re8 9. h4 Nh5 10. g4 Ng3 11. Rh3 Nxf1 12. Rxf1 Nf8 13. h5 e5 14. hxg6 fxg6 15. Bxg7 Kxg7 16. Qh6+ Kg8 17. dxe5 dxe5 18. Nge2 Qe7 19. Rfh1 Qg7 20. Qe3 Be6 21. Ng3 b5 22. Nf5 gxf5 23. gxf5 Bf7 24. Rg1 Bg6 25. fxg6 Nxg6 26. Ne2 Kf7 27. Ng3 Rh8 28. Qb3+ Ke7 29. Nf5+ 1-0


[Site "https://www.chess.com"]

[Event "Titled Tuesday Blitz May 30 Early 2023"]
[White "Saim, Mohamed Ilias"]
[Black "Sadovsky, Artem"]
[WhiteFideId "7900465"]
[BlackFideId "4155840"]
[WhiteElo "2063"]
[BlackElo "2314"]
[Result "0-1"]
[Round "01"]
[TimeControl "180+2"]
[Date "2023.05.30"]
[WhiteClock "0:00:14"]
[BlackClock "0:00:38"]

1. d4 g6 2. Nf3 Bg7 3. e3 d6 4. Be2 e5 5. c4 e4 6. Nfd2 f5 7. Nc3 Nf6 8. Qc2 O-O 9. b4 Nc6 10. b5 Ne7 11. Bb2 d5 12. cxd5 Nexd5 13. Bc4 Be6 14. Qb3 Kh8 15. O-O Qd7 16. Ba3 Rfe8 17. Rac1 Rac8 18. Bb4 Nxc3 19. Bxc3 Nd5 20. a4 Nb6 21. Bxe6 Qxe6 22. Qxe6 Rxe6 23. a5 Nd5 24. Ba1 a6 25. b6 c6 26. Nb3 Bf8 27. Nc5 Bxc5 28. Rxc5 Rd8 29. Bb2 Kg8 30. Ba3 Kf7 31. Rc2 Nf6 32. Rc5 Rd5 33. Rfc1 Red6 34. Rxd5 Rxd5 35. Rc5 Rxc5 36. Bxc5 Ke6 37. Kf1 Kd5 38. Ke2 Kc4 39. f3 Kb5 40. Be7 Nd5 41. Bg5 Kxa5 42. g4 exf3+ 43. Kxf3 fxg4+ 44. Kxg4 Kxb6 45. Bf4 a5 46. e4 Nxf4 47. Kxf4 Kc7 48. e5 Kd7 49. Kg5 Ke6 50. Kh6 a4 51. Kxh7 a3 52. Kxg6 a2 53. h4 a1=Q 54. h5 Qxd4 55. h6 Qxe5 56. h7 Qh8 57. Kh6 Kf5 58. Kh5 Qxh7# 0-1


[Site "https://www.chess.com"]

[Event "Titled Tuesday Blitz May 30 Early 2023"]
[White "Staudenhocker43"]
[Black "Castillo Pena, Patricia Evarista"]
[BlackFideId "6412106"]
[WhiteElo "2527"]
[BlackElo "1919"]
[Result "1-0"]
[Round "01"]
[TimeControl "180+2"]
[Date "2023.05.30"]
[WhiteClock "0:00:21"]
[BlackClock "0:00:00"]

1. d4 d5 2. c4 c6 3. Nf3 Nf6 4. e3 e6 5. Nbd2 Nbd7 6. Bd3 dxc4 7. Nxc4 b5 8. Nce5 Bb7 9. O-O Bd6 10. Nxd7 Qxd7 11. Qe2 O-O 12. e4 Be7 13. Be3 a6 14. Rac1 Rac8 15. Rfd1 Rfd8 16. Ne5 Qe8 17. Qf3 Ba8 18. h3 h6 19. a3 a5 20. Qe2 b4 21. axb4 axb4 22. f3 Qf8 23. Ba6 Rc7 24. Nd3 c5 25. Nxc5 Bxc5 26. dxc5 Rxd1+ 27. Qxd1 Rd7 28. Qe2 Qe7 29. Bb5 Rc7 30. c6 Qd6 31. Qd2 Qxd2 32. Bxd2 Ne8 33. Bxb4 Nf6 34. Ba5 Rc8 35. c7 1-0


[Site "https://www.chess.com"]

[Event "Titled Tuesday Blitz May 30 Early 2023"]
[White "Lenaerts, Lennert"]
[Black "Nihal Sarin"]
[WhiteFideId "211435"]
[BlackFideId "25092340"]
[WhiteElo "2334"]
[BlackElo "2689"]
[Result "0-1"]
[Round "02"]
[TimeControl "180+2"]
[Date "2023.05.30"]
[WhiteClock "0:02:32"]
[BlackClock "0:02:27"]

1. d4 Nf6 2. c4 e6 3. Nc3 Bb4 4. g3 c5 5. Nf3 b6 6. Bg2 Bb7 7. O-O O-O 8. d5 Bxc3 9. bxc3 Re8 10. Re1 exd5 11. Nh4 Ne4 12. cxd5 Qf6 13. Bb2 Qxf2+ 14. Kh1 Qe3 0-1


[Site "https://www.chess.com"]

[Event "Titled Tuesday Blitz May 30 Early 2023"]
[White "Agibileg, Uurtsaikh"]
[Black "Nepomniachtchi, Ian"]
[WhiteFideId "4901606"]
[BlackFideId "4168119"]
[WhiteElo "2353"]
[BlackElo "2781"]
[Result "1/2-1/2"]
[Round "02"]
[TimeControl "180+2"]
[Date "2023.05.30"]
[WhiteClock "0:00:12"]
[BlackClock "0:00:04"]

1. d4 Nf6 2. c4 g6 3. Nc3 Bg7 4. e4 O-O 5. Be2 d6 6. Nf3 e5 7. O-O h6 8. d5 Nh7 9. Nd2 f5 10. b4 a5 11. bxa5 Rxa5 12. Nb3 Ra8 13. f3 Na6 14. Be3 Qe7 15. c5 Nxc5 16. Nxc5 dxc5 17. a4 Nf6 18. Qb3 Kh7 19. Kh1 b6 20. a5 bxa5 21. Qa3 Nd7 22. Nb5 Ba6 23. Qxa5 fxe4 24. fxe4 Rxf1+ 25. Rxf1 Nf6 26. Re1 Nxe4 27. Nxc7 Qh4 28. Bxa6 Ra7 29. d6 Nxd6 30. Rf1 Nf5 31. Bf2 Qd8 32. Qxc5 Rxc7 33. Qa5 Qe7 34. Bd3 e4 35. Bxe4 Qe5 36. Qxe5 Bxe5 37. Bxf5 gxf5 38. Bg3 Bxg3 39. hxg3 Kg6 40. Kh2 Kg5 41. Kh3 Rc3 42. Rd1 f4 43. Rd5+ Kg6 44. Kg4 Rxg3+ 45. Kxf4 Rxg2 46. Rd3 Ra2 47. Kg3 Ra5 48. Kh3 Kg5 49. Rg3+ Kf4 50. Rg4+ Kf3 51. Rg3+ Kf2 52. Rg2+ Kf1 53. Rg6 Rh5+ 54. Kg3 Kg1 55. Kg4 Rh2 56. Kf3+ Kf1 57. Rb6 Rh3+ 58. Kg4 Rh2 59. Rb5 h5+ 60. Rxh5 Rxh5 61. Kxh5 1/2-1/2


[Site "https://www.chess.com"]

[Event "Titled Tuesday Blitz May 30 Early 2023"]
[White "Bluebaum, Matthias"]
[Black "NikaVolkov"]
[WhiteFideId "24651516"]
[WhiteElo "2639"]
[BlackElo "2613"]
[Result "1/2-1/2"]
[Round "02"]
[TimeControl "180+2"]
[Date "2023.05.30"]
[WhiteClock "0:00:38"]
[BlackClock "0:00:19"]

1. d4 d5 2. c4 e6 3. Nc3 Nf6 4. cxd5 exd5 5. Bg5 Be7 6. e3 O-O 7. Bd3 Be6 8. Nge2 Nbd7 9. Nf4 Re8 10. Nxe6 fxe6 11. O-O Nf8 12. Rc1 Rc8 13. Qb3 Rb8 14. Rfd1 a6 15. Bf4 Bd6 16. Ne2 c6 17. h3 Bxf4 18. Nxf4 e5 19. dxe5 Rxe5 20. e4 Ne6 21. exd5 Nxd5 22. Nxd5 cxd5 23. Re1 Qf6 24. Bf1 Rf8 25. Rxe5 Qxe5 26. Qxb7 Qd4 27. Rc2 Ng5 28. Qxa6 Ne4 29. Qd3 Qe5 30. Re2 Qg5 31. Qd4 h6 32. f3 Rxf3 33. h4 Rxf1+ 34. Kxf1 Ng3+ 35. Kf2 Nxe2 36. Kxe2 Qxg2+ 37. Kd1 g5 38. hxg5 hxg5 39. a4 g4 40. a5 g3 41. a6 Qf1+ 42. Kd2 Qxa6 43. Qxd5+ Kh7 44. Qe4+ Qg6 45. Qh4+ Qh6+ 46. Qxh6+ Kxh6 47. Ke3 Kg6 48. Kf3 Kf5 49. Kxg3 Ke5 50. Kf2 Kd4 51. Ke2 Kc4 52. Kd2 Kb3 53. Kc1 Kb4 54. Kc2 Kc4 55. Kb1 Kb3 56. Ka1 Kb4 57. Ka2 Ka4 58. Kb1 Kb3 59. Kc1 Kb4 60. Kc2 Kc4 61. b3+ Kb4 62. Kb2 Kb5 63. Kc3 Kc5 64. b4+ Kb5 65. Kb3 Kb6 66. Ka4 Ka6 67. Ka3 Kb5 68. Kb3 Kb6 69. Kc3 Kb5 70. Kb3 1/2-1/2


[Site "https://www.chess.com"]

[Event "Titled Tuesday Blitz May 30 Early 2023"]
[White "Bortnyk, Olexandr"]
[Black "Nasir, Zehn"]
[WhiteFideId "14120828"]
[BlackFideId "2613239"]
[WhiteElo "2734"]
[BlackElo "1993"]
[Result "1-0"]
[Round "02"]
[TimeControl "180+2"]
[Date "2023.05.30"]
[WhiteClock "0:02:13"]
[BlackClock "0:01:22"]

1. e4 c6 2. c4 d5 3. cxd5 cxd5 4. exd5 Nf6 5. Qa4+ Nbd7 6. Nc3 g6 7. Bc4 Bg7 8. d3 O-O 9. Nf3 Nb6 10. Qb3 Bf5 11. O-O Rc8 12. Re1 a6 13. Be3 Nxc4 14. dxc4 Bd3 15. Ne5 Bf5 16. Qxb7 Nxd5 17. Nxd5 Bxe5 18. Nxe7+ Kh8 19. Nxc8 Bxc8 20. Qd5 Qf6 21. Bg5 Qxg5 22. Qxe5+ 1-0


[Site "https://www.chess.com"]

[Event "Titled Tuesday Blitz May 30 Early 2023"]
[White "Makaraci, Tunahan"]
[Black "Martinez Alcantara, Jose Eduardo"]
[WhiteFideId "6356559"]
[BlackFideId "3805662"]
[WhiteElo "2160"]
[BlackElo "2711"]
[Result "1/2-1/2"]
[Round "02"]
[TimeControl "180+2"]
[Date "2023.05.30"]
[WhiteClock "0:00:39"]
[BlackClock "0:00:58"]

1. e4 c5 2. c3 e6 3. Nf3 d5 4. exd5 exd5 5. d4 Nc6 6. Bb5 Bd6 7. dxc5 Bxc5 8. O-O Nf6 9. Bg5 O-O 10. Bxf6 Qxf6 11. Qxd5 Bb6 12. Nbd2 Bf5 13. Bxc6 bxc6 14. Qe5 Qxe5 15. Nxe5 Rac8 16. Ndc4 Bc5 17. Rad1 Rfe8 18. Rfe1 f6 19. Nf3 Rxe1+ 20. Rxe1 Rd8 21. h3 Bf8 22. Nd4 Bd7 23. Kf1 Kf7 24. Rd1 Be6 25. Ne3 Rb8 26. Nxe6 Kxe6 27. b3 Bc5 28. Ke2 h5 29. Nc2 Rc8 30. Nd4+ Kf7 31. Nf5 Rc7 32. Nd6+ Ke6 33. Ne4 Be7 34. c4 g5 35. g4 f5 36. gxf5+ Kxf5 37. Ng3+ Kg6 38. Rd3 h4 39. Ne4 a5 40. a4 Rb7 41. Kd2 Kf5 42. Ke3 Ke5 43. Nd2 Bc5+ 44. Ke2 Re7 45. Kf1 Re8 46. Kg2 Rf8 47. Nf3+ Ke4 48. Rc3 Rf5 49. Nd2+ Kd4 50. Rf3 Re5 51. Nf1 Bb4 52. Ne3 Bd2 53. Ng4 Re6 54. Rf8 Kc3 55. Rf3+ Kc2 56. Kf1 Re1+ 57. Kg2 Rb1 58. Ne5 Rxb3 59. Nxc6 Rxf3 60. Kxf3 Kb3 61. Nxa5+ Bxa5 62. c5 Kc4 63. Kg4 Kxc5 64. Kxg5 Bd8+ 65. Kg4 Kb4 66. f4 Kxa4 67. f5 Kb5 68. f6 Bxf6 69. Kf3 Bd8 70. Kg2 Kc6 71. Kh1 Kd5 72. Kh2 Ke4 73. Kh1 Kf3 74. Kh2 Kf2 75. Kh1 Kg3 76. Kg1 Bc7 77. Kh1 Bd6 78. Kg1 Bb4 79. Kh1 Bd2 80. Kg1 Kf3 81. Kh1 Ke2 82. Kg1 Ke1 83. Kh1 Kf1 84. Kh2 Be3 85. Kh1 Bf2 86. Kh2 Be1 87. Kh1 Kf2 88. Kh2 Kf3 89. Kh1 Kg3 90. Kg1 Kxh3 91. Kh1 Kg3 92. Kg1 Bd2 93. Kh1 Bf4 94. Kg1 Kg4 95. Kh1 Kf5 96. Kg1 Kg5 97. Kh1 Kh5 98. Kg1 Kg4 99. Kh1 Bh2 100. Kxh2 h3 101. Kh1 Kh4 102. Kh2 Kg4 103. Kh1 Kg3 104. Kg1 h2+ 105. Kh1 Kf2 106. Kxh2 1/2-1/2


[Site "https://www.chess.com"]

[Event "Titled Tuesday Blitz May 30 Early 2023"]
[White "Le, Tuan Minh"]
[Black "Atanasov, Anthony"]
[WhiteFideId "12401153"]
[BlackFideId "2623897"]
[WhiteElo "2566"]
[BlackElo "2326"]
[Result "1-0"]
[Round "02"]
[TimeControl "180+2"]
[Date "2023.05.30"]
[WhiteClock "0:01:11"]
[BlackClock "0:00:01"]

1. d4 Nf6 2. Nf3 d5 3. Bf4 e6 4. e3 Bd6 5. Bg3 c5 6. c4 O-O 7. Nc3 cxd4 8. Nxd4 Nc6 9. cxd5 Nxd5 10. Nxd5 exd5 11. Bxd6 Qxd6 12. Qd2 Be6 13. Be2 Rac8 14. O-O a6 15. Rac1 h6 16. h3 Ne5 17. b3 b5 18. Rxc8 Rxc8 19. Rc1 Nc6 20. Nf3 Ne5 21. Rd1 Nxf3+ 22. Bxf3 Qe5 23. a4 Qc3 24. axb5 axb5 25. Bxd5 b4 26. Bxe6 fxe6 27. Qd7 Rc6 28. Rd4 Kh7 29. Kh2 Ra6 30. Qb7 Ra2 31. Qe4+ Kg8 32. Qxe6+ Kh7 33. Qe4+ Kg8 34. Rd8+ Kf7 35. Qe8+ Kf6 36. Rd6+ Kf5 37. Qe6+ Kg5 38. Qg4# 1-0


[Site "https://www.chess.com"]

[Event "Titled Tuesday Blitz May 30 Early 2023"]
[White "Iskusnyh, Sergei"]
[Black "Duda, Jan-Krzysztof"]
[WhiteFideId "4120027"]
[BlackFideId "1170546"]
[WhiteElo "2492"]
[BlackElo "2790"]
[Result "0-1"]
[Round "02"]
[TimeControl "180+2"]
[Date "2023.05.30"]
[WhiteClock "0:00:00"]
[BlackClock "0:01:19"]

1. d4 f5 2. c4 Nf6 3. Nf3 g6 4. e3 Bg7 5. b4 O-O 6. Bb2 d6 7. Be2 e5 8. dxe5 Nfd7 9. Nbd2 dxe5 10. Qb3 Qe7 11. c5+ Kh8 12. Nc4 a5 13. a3 Nc6 14. O-O e4 15. Nfd2 Nde5 16. Nxe5 Nxe5 17. Bd4 Be6 18. Qb2 Nc6 19. Bxg7+ Qxg7 20. Qxg7+ Kxg7 21. b5 Ne5 22. Rfd1 Rfd8 23. Kf1 Kf6 24. Ke1 Rd5 25. f4 exf3 26. Bxf3 Nxf3+ 27. Nxf3 Rxc5 28. Rac1 Rxc1 29. Rxc1 Rc8 30. Nd4 Bd5 31. g3 Ke5 32. Kd2 c5 33. bxc6 bxc6 34. Rc5 Ra8 35. Ne2 Kd6 36. Rc3 Rb8 37. Nf4 Be4 0-1


[Site "https://www.chess.com"]

[Event "Titled Tuesday Blitz May 30 Early 2023"]
[White "Dubov, Daniil"]
[Black "Sadykov, Ramil"]
[WhiteFideId "24126055"]
[BlackFideId "24113590"]
[WhiteElo "2793"]
[BlackElo "2245"]
[Result "1-0"]
[Round "02"]
[TimeControl "180+2"]
[Date "2023.05.30"]
[WhiteClock "0:00:03"]
[BlackClock "0:00:00"]

1. c4 e6 2. Nc3 d5 3. d4 Nf6 4. Nf3 Be7 5. g3 O-O 6. Bg2 c6 7. O-O Nbd7 8. Bf4 Nh5 9. Bc1 Nhf6 10. b3 b6 11. Qd3 Bb7 12. Rd1 Rc8 13. Bb2 Qc7 14. Rac1 Qb8 15. e4 dxe4 16. Nxe4 Nxe4 17. Qxe4 Nf6 18. Qe2 Rfd8 19. Ne5 c5 20. d5 exd5 21. cxd5 Bxd5 22. Bxd5 Nxd5 23. Nxf7 Kxf7 24. Rxd5 Rxd5 25. Qf3+ Ke6 26. Re1+ Kd6 27. Qf7 Kc6 28. Rxe7 Rcd8 29. Bxg7 Kb5 30. Qf3 Ka6 31. Kg2 Qa8 32. Re4 Rd3 33. Ra4+ Kb5 34. Qxa8 Rxa8 35. Rh4 Re8 36. Bf6 Re2 37. a4+ Ka6 38. Rxh7 Rxb3 39. h4 c4 40. Rc7 b5 41. axb5+ Kxb5 42. h5 Re6 43. Bg7 Rc6 44. Rxa7 c3 45. h6 c2 46. h7 c1=Q 47. h8=Q Qc4 48. Qb8+ Rb6 49. Qe5+ Qc5 50. Qe2+ Qc4 51. Ra5+ Kb4 52. Ra4+ Kxa4 53. Qxc4+ Ka5 54. Bc3+ 1-0


[Site "https://www.chess.com"]

[Event "Titled Tuesday Blitz May 30 Early 2023"]
[White "Kramnik, Vladimir"]
[Black "brm72"]
[WhiteFideId "4101588"]
[WhiteElo "2703"]
[BlackElo "2609"]
[Result "1-0"]
[Round "02"]
[TimeControl "180+2"]
[Date "2023.05.30"]
[WhiteClock "0:00:32"]
[BlackClock "0:00:39"]

1. e4 c5 2. Nf3 d6 3. d4 cxd4 4. Nxd4 Nf6 5. Nc3 a6 6. Bc4 e6 7. Be3 Be7 8. Bb3 b5 9. a3 O-O 10. f3 Nbd7 11. Nc6 Qe8 12. Qd2 Nc5 13. Nxe7+ Qxe7 14. Ba2 Bb7 15. O-O-O Rfd8 16. e5 Nd5 17. Nxd5 exd5 18. Bg5 Qxe5 19. Rhe1 Qf5 20. Bxd8 Rxd8 21. Bxd5 Rc8 22. Kb1 Qf6 23. Qd4 Qg6 24. Bxb7 Nxb7 25. Qe4 Qxe4 26. Rxe4 Kf8 27. b4 h5 28. Kb2 f6 29. Kb3 Kf7 30. c4 Rc7 31. cxb5 axb5 32. Rd5 Rc1 33. Rxb5 Nd8 34. Rc4 Rg1 35. a4 Ne6 36. a5 Rb1+ 37. Ka2 1-0


[Site "https://www.chess.com"]

[Event "Titled Tuesday Blitz May 30 Early 2023"]
[White "Bok, Benjamin"]
[Black "MaryanKyrychenko"]
[WhiteFideId "1017063"]
[WhiteElo "2657"]
[BlackElo "2606"]
[Result "0-1"]
[Round "02"]
[TimeControl "180+2"]
[Date "2023.05.30"]
[WhiteClock "0:00:00"]
[BlackClock "0:00:06"]

1. d4 Nf6 2. c4 e6 3. Nc3 Bb4 4. Qc2 O-O 5. a3 Bxc3+ 6. Qxc3 b6 7. Bg5 h6 8. Bh4 Bb7 9. e3 d5 10. cxd5 Bxd5 11. Rc1 c5 12. dxc5 g5 13. Bg3 Ne4 14. Qc2 bxc5 15. Bd3 Qa5+ 16. Ke2 f5 17. f3 Nxg3+ 18. hxg3 Kg7 19. Qxc5 Qxc5 20. Rxc5 Nd7 21. Rc7 Rf7 22. e4 fxe4 23. fxe4 Bb3 24. Nf3 Rd8 25. Rhc1 g4 26. Nd4 Ne5 27. Rxf7+ Kxf7 28. Nxb3 Rxd3 29. Rc3 Rd7 30. Nc5 Rc7 31. b4 Ke7 32. Ke3 h5 33. Rc1 Rc6 34. Kd4 Nd7 35. Nd3 Rd6+ 36. Ke3 Nb6 37. Rc7+ Kd8 38. Rxa7 Nc4+ 39. Ke2 Rd4 40. Nc5 Ke8 41. b5 e5 42. a4 Nd6 0-1


[Site "https://www.chess.com"]

[Event "Titled Tuesday Blitz May 30 Early 2023"]
[White "Colas, Joshua"]
[Black "Deac, Bogdan-Daniel"]
[WhiteFideId "2044447"]
[BlackFideId "1226380"]
[WhiteElo "2347"]
[BlackElo "2649"]
[Result "0-1"]
[Round "02"]
[TimeControl "180+2"]
[Date "2023.05.30"]
[WhiteClock "0:00:00"]
[BlackClock "0:00:04"]

1. Nf3 b6 2. g3 Bb7 3. Bg2 c5 4. c4 g6 5. O-O Bg7 6. Nc3 Nf6 7. d4 cxd4 8. Qxd4 d6 9. b3 Nbd7 10. Bb2 a6 11. Nd5 O-O 12. Nxf6+ Nxf6 13. Rfd1 Rc8 14. Rac1 Qc7 15. Qd2 Qb8 16. Bd4 b5 17. cxb5 axb5 18. Qa5 Be4 19. Ne1 Bxg2 20. Nxg2 Qb7 21. Qb6 Qxb6 22. Bxb6 Ne4 23. Kf1 Nc3 24. Rd2 Nxa2 25. Rxc8 Rxc8 26. Rxa2 Rc1+ 27. Ne1 Bc3 28. Ra8+ Kg7 29. Ba5 Rxe1+ 30. Kg2 Bxa5 31. Rxa5 Rxe2 32. Rxb5 Rb2 33. h4 f5 34. Kf3 Kf6 35. Rb7 h6 36. Ke3 g5 37. h5 g4 38. b4 e6 39. b5 Ke5 40. Rh7 Rxb5 41. Rxh6 Rb1 42. Rh8 Rh1 43. h6 d5 44. h7 Rh3 0-1


[Site "https://www.chess.com"]

[Event "Titled Tuesday Blitz May 30 Early 2023"]
[White "Svane, Rasmus"]
[Black "SashaKuzhilniy"]
[WhiteFideId "4657101"]
[WhiteElo "2601"]
[BlackElo "2605"]
[Result "0-1"]
[Round "02"]
[TimeControl "180+2"]
[Date "2023.05.30"]
[WhiteClock "0:00:07"]
[BlackClock "0:00:09"]

1. Nf3 Nf6 2. g3 g6 3. Bg2 Bg7 4. O-O O-O 5. d4 d5 6. c4 dxc4 7. Na3 c5 8. dxc5 Na6 9. c6 bxc6 10. Ne5 Bb7 11. Naxc4 Nd5 12. Bd2 Rc8 13. Rc1 e6 14. Qa4 Nb6 15. Qa3 Bxe5 16. Nxe5 Qxd2 17. Nxc6 Bxc6 18. Rxc6 Qxe2 19. h4 Rxc6 20. Bxc6 Nd5 21. Bb7 Nab4 22. Qxa7 Qxb2 23. a4 Nd3 24. a5 Ne5 25. a6 Qb6 26. Qxb6 Nxb6 27. Rb1 Ned7 28. a7 Na8 29. Bxa8 Rxa8 30. Rb7 Nf8 31. Kg2 Kg7 32. Kf3 e5 33. Ke4 Ne6 34. Kxe5 Nd8 35. Rd7 Nc6+ 36. Kd5 Nxa7 37. Rb7 Nc8 38. Rc7 Kf6 39. g4 h6 40. f4 Ra5+ 41. Ke4 Nd6+ 42. Kf3 h5 43. g5+ Ke6 44. Rc3 Nf5 45. Rd3 Nxh4+ 46. Kg3 Nf5+ 47. Kf3 Ra4 48. Rc3 Rd4 49. Rc6+ Rd6 50. Rc7 Rd7 51. Rc6+ Ke7 52. Rc3 Kf8 53. Rc8+ Kg7 54. Rc3 Re7 55. Rb3 Nd4+ 0-1


[Site "https://www.chess.com"]

[Event "Titled Tuesday Blitz May 30 Early 2023"]
[White "Fiorito, Francisco"]
[Black "Babazada, Khazar"]
[WhiteFideId "180165"]
[BlackFideId "13413554"]
[WhiteElo "2341"]
[BlackElo "2351"]
[Result "0-1"]
[Round "02"]
[TimeControl "180+2"]
[Date "2023.05.30"]
[WhiteClock "0:00:00"]
[BlackClock "0:01:16"]

1. d4 Nf6 2. Nc3 d5 3. Bf4 e6 4. Nb5 Na6 5. e3 c6 6. Nc3 Nc7 7. Nf3 Bd6 8. Ne5 g6 9. Qf3 O-O 10. h4 Nh5 11. Bh6 Ng7 12. e4 f6 13. Nd3 e5 14. dxe5 fxe5 15. Qe2 d4 16. Nb1 c5 17. Nd2 b5 18. c4 dxc3 19. bxc3 c4 20. Nb2 Ba3 21. O-O-O Nce6 22. Nxc4 bxc4 23. Rxd8 Rxd8 24. Qxc4 Rb8 25. Qb3 Rxb3 26. axb3 Nc5 27. Bc4+ Be6 28. Bxe6+ Ngxe6 29. Kc2 Bxb2 30. Kxb2 Nxe4 31. Kc2 Nxf2 32. Rf1 Ng4 33. Bd2 e4 34. Re1 Nc5 35. b4 Nd3 36. Rxe4 Nde5 37. Bf4 Nf7 38. Re7 Ra8 39. b5 Nf6 40. c4 Rc8 41. Kb3 Ra8 42. Be3 Nd6 43. Rxa7 Rc8 44. Bc5 Rxc5 45. Ra8+ Kf7 46. Ra7+ Ke6 0-1


[Site "https://www.chess.com"]

[Event "Titled Tuesday Blitz May 30 Early 2023"]
[White "Lenderman, Aleksandr"]
[Black "Ibadov, Dashgyn"]
[WhiteFideId "2021285"]
[BlackFideId "24107514"]
[WhiteElo "2607"]
[BlackElo "2208"]
[Result "0-1"]
[Round "02"]
[TimeControl "180+2"]
[Date "2023.05.30"]
[WhiteClock "0:01:48"]
[BlackClock "0:00:34"]

1. Nf3 d5 2. b3 Nf6 3. Bb2 Bf5 4. Nh4 Bc8 5. e3 e6 6. Nf3 Be7 7. c4 O-O 8. Nc3 b6 9. cxd5 exd5 10. d4 Be6 11. Bd3 h6 12. O-O Nbd7 13. Rc1 a6 14. Qe2 Qc8 15. Rfd1 Qb7 16. e4 dxe4 17. Nxe4 Bd5 18. Nc3 Bxf3 19. gxf3 Bd6 20. Be4 Nxe4 21. fxe4 Bf4 22. Rc2 Rae8 23. Qg4 Rxe4 24. Nxe4 Qxe4 25. Qe2 Qg6+ 26. Kh1 Nf6 27. Qd3 Qh5 28. d5 Qxh2# 0-1


[Site "https://www.chess.com"]

[Event "Titled Tuesday Blitz May 30 Early 2023"]
[White "Antal, Gergely"]
[Black "Sjugirov, Sanan"]
[WhiteFideId "717312"]
[BlackFideId "4189302"]
[WhiteElo "2471"]
[BlackElo "2569"]
[Result "0-1"]
[Round "02"]
[TimeControl "180+2"]
[Date "2023.05.30"]
[WhiteClock "0:00:11"]
[BlackClock "0:00:02"]

1. Nf3 Nf6 2. g3 b5 3. Bg2 Bb7 4. O-O e6 5. d4 Be7 6. c3 O-O 7. Bf4 d5 8. a4 b4 9. cxb4 Bxb4 10. Qc2 Na6 11. Ne5 c5 12. Nd3 cxd4 13. Qb3 Qe7 14. Nxb4 Qxb4 15. Qxb4 Nxb4 16. Na3 Rfc8 17. Nb5 d3 18. exd3 Nxd3 19. Nd6 Nxf4 20. gxf4 Rc7 21. f5 Rd7 22. Nb5 exf5 23. Nd4 g6 24. b4 Rc8 25. Rfc1 Rc4 26. Rxc4 dxc4 27. Bxb7 Rxb7 28. b5 Rd7 29. Nc6 c3 30. Rc1 Ne4 31. f3 Nc5 32. a5 Rd3 33. b6 axb6 34. axb6 Kg7 35. Kf2 Rd6 36. Rxc3 Rxc6 37. b7 Rb6 38. Rxc5 Rxb7 39. h4 Kh6 40. Kg3 Kh5 41. Rc4 h6 42. Rd4 g5 43. hxg5 hxg5 44. Rd5 f4+ 45. Kh3 Rb3 46. Kg2 Kh4 47. Rd2 f5 48. Rf2 Rc3 49. Kh2 Rc4 50. Kg1 Kg3 51. Rg2+ Kxf3 52. Rxg5 Rc1+ 53. Kh2 Rc2+ 54. Kg1 Rc1+ 55. Kh2 Kf2 56. Rxf5 f3 57. Ra5 Kf1 58. Ra2 f2 59. Kg3 Rc3+ 60. Kh2 Re3 61. Rb2 Re1 62. Rb1 Rxb1 0-1


[Site "https://www.chess.com"]

[Event "Titled Tuesday Blitz May 30 Early 2023"]
[White "Pranesh M"]
[Black "Miranda, Rafael"]
[WhiteFideId "35028600"]
[BlackFideId "130990"]
[WhiteElo "2437"]
[BlackElo "2204"]
[Result "1/2-1/2"]
[Round "02"]
[TimeControl "180+2"]
[Date "2023.05.30"]
[WhiteClock "0:01:58"]
[BlackClock "0:01:32"]

1. e4 e5 2. Nf3 Nc6 3. Bb5 g6 4. O-O Bg7 5. c3 Nge7 6. d4 exd4 7. cxd4 d5 8. e5 O-O 9. h3 a6 10. Be2 f6 11. exf6 Bxf6 12. Bh6 Re8 13. Bg5 Nf5 14. Bxf6 Qxf6 15. Nc3 Nfxd4 16. Nxd5 Nxe2+ 17. Qxe2 Rxe2 18. Nxf6+ Kg7 19. Nd5 Rxb2 20. Nxc7 Rb8 21. Rfb1 Rxb1+ 22. Rxb1 Bf5 23. Rb6 Be4 24. Ng5 Bf5 25. Nxa6 bxa6 26. Rxc6 Rb1+ 27. Kh2 Rb2 28. Rb6 Rxb6 1/2-1/2


[Site "https://www.chess.com"]

[Event "Titled Tuesday Blitz May 30 Early 2023"]
[White "Turayev, Shahruh"]
[Black "Narayanan, Srinath"]
[WhiteFideId "14003856"]
[BlackFideId "5018420"]
[WhiteElo "2185"]
[BlackElo "2438"]
[Result "0-1"]
[Round "02"]
[TimeControl "180+2"]
[Date "2023.05.30"]
[WhiteClock "0:00:01"]
[BlackClock "0:00:18"]

1. d4 Nf6 2. c4 e6 3. g3 d5 4. Nf3 Bb4+ 5. Bd2 Be7 6. Bg2 Nbd7 7. O-O c6 8. b4 Ne4 9. Qb3 g5 10. a4 g4 11. Ne5 f5 12. Bf4 h5 13. b5 Nxe5 14. Bxe5 Rh7 15. f3 Nd6 16. bxc6 bxc6 17. cxd5 cxd5 18. Nc3 Nc4 19. Bf4 Bf6 20. Nb5 a6 21. Na3 Bxd4+ 22. Kh1 Bxa1 23. Rxa1 e5 24. Nxc4 exf4 25. fxg4 hxg4 26. gxf4 dxc4 27. Qxc4 Qh4 28. h3 Rb8 29. Qg8+ Ke7 30. Rd1 Bb7 31. Qxh7+ Qxh7 0-1


[Site "https://www.chess.com"]

[Event "Titled Tuesday Blitz May 30 Early 2023"]
[White "Jakubowski, Krzysztof"]
[Black "Ibarra Jerez, Jose Carlos"]
[WhiteFideId "1112848"]
[BlackFideId "2226332"]
[WhiteElo "2359"]
[BlackElo "2638"]
[Result "1-0"]
[Round "02"]
[TimeControl "180+2"]
[Date "2023.05.30"]
[WhiteClock "0:01:07"]
[BlackClock "0:00:22"]

1. c4 e5 2. Nc3 Nf6 3. Nf3 e4 4. Ng5 c6 5. Ngxe4 Nxe4 6. Nxe4 d5 7. cxd5 cxd5 8. Ng3 h5 9. e3 h4 10. Ne2 Nc6 11. b3 d4 12. Bb2 Bc5 13. Rc1 Bb6 14. Rxc6 bxc6 15. Nxd4 h3 16. Qf3 hxg2 17. Qxg2 Qf6 18. Bb5 cxb5 19. Qxa8 O-O 20. Rg1 g6 21. Bc3 Qh4 22. Qd5 Rd8 23. Rxg6+ 1-0


[Site "https://www.chess.com"]